 Dungeon Crawl Stone Soup version 0.31-a0-836-g3ceb0a68c4 (webtiles) character file.

Game seed: 16652537963445863245

92 Kurtz the Chopper (level 4, -2/31 HPs)
             Began as an Octopode Fighter on Sept 27, 2023.
             Slain by a gnoll
             ... wielding a +0 halberd
              (7 damage)
             ... on level 3 of the Dungeon.
             The game lasted 00:01:06 (1998 turns).

Kurtz the Chopper (Octopode Fighter)                Turns: 1998, Time: 00:01:06

Health: -2/31      AC:  1    Str: 17    XL:     4   Next: 60%
Magic:  4/4        EV: 13    Int: 10    God:
Gold:   128        SH:  4    Dex: 11    Spells: 3/3 levels left

rFire   . . .        i - +3 mace
rCold   . . .        b - +0 buckler
rNeg    . . .        (helmet restricted)
rPois   .            (no amulet)
rElec   .            (no ring)
rCorr   .            (no ring)
SInv    .            (no ring)
Will    .....        (no ring)
Stlth   ++           (no ring)
HPRegen 0.25/turn    (no ring)
MPRegen 0.09/turn    (no ring)
                     (no ring)

%: no passive effects
@: mighty
A: almost no armour, amphibious, 8 rings, camouflage 1, gelatinous body 1,
(nimble swimmer 1), tentacles
a: no special abilities


You were on level 3 of the Dungeon.
You visited 1 branch of the dungeon, and saw 3 of its levels.

You collected 128 gold pieces.

Inventory:

Hand Weapons
 a - a +0 war axe
 i - a +3 mace (weapon)
Missiles
 l - 5 poisoned darts
Armour
 b - a +0 buckler (worn)
Scrolls
 d - 4 scrolls of teleportation {unknown}
 e - a scroll of immolation {unknown}
 g - a scroll of blinking {unknown}
 h - 3 scrolls of identify {unknown}
 j - a scroll of poison {unknown}
 m - 2 scrolls of vulnerability {unknown}
 n - a scroll of enchant weapon {unknown}
 o - a scroll of amnesia {unknown}
Potions
 c - 2 potions of might
 f - 2 potions of enlightenment {unknown}
 k - 2 potions of curing {unknown}


   Skills:
 - Level 3.0 Fighting
 * Level 4.7 Axes
 - Level 3.0 Dodging
 - Level 3.0 Shields


You had 3 spell levels left.
You didn't know any spells.
Your spell library was empty.

Dungeon Overview and Level Annotations

Branches:
Dungeon (3/15)

Altars:


Innate Abilities, Weirdness & Mutations

You cannot wear most types of armour.
You are amphibious.
You can wear up to eight rings at the same time.
Your skin changes colour to match your surroundings (Stealth+).
Your rubbery body absorbs attacks. (AC +1, EV +1)
((You are camouflaged when in or above water. (Stealth+)))
You have tentacles for arms and can constrict up to eight enemies at once.


Message History

A gnoll comes into view. It is wielding a +0 club.
There are monsters nearby!
A gnoll comes into view. It is wielding a +0 halberd.
There are monsters nearby!
The helpless gnoll fails to defend itself.
You thump the gnoll! You grab the gnoll.
The gnoll is severely wounded.
You constrict the gnoll, but do no damage.
The gnoll hits you with a +0 club.
The gnoll shouts!
There are monsters nearby!
You hit the gnoll.
You kill the gnoll!
The gnoll shouts! x2
The gnoll barely misses you.
There are monsters nearby!
You thump the gnoll! You grab the gnoll.
The gnoll is severely wounded.
You constrict the gnoll, but do no damage.
The gnoll closely misses you.
The gnoll hits you from afar with a +0 halberd!
There are monsters nearby!
You are too injured to fight recklessly!
You are too injured to fight recklessly!
You are too injured to fight recklessly!
You are too injured to fight recklessly!
Unknown command.
You release your grip on the gnoll.
You block the gnoll's attack. The gnoll closely misses you.
You see here a +0 club.
Unknown command.
You feel very mighty all of a sudden. The gnoll closely misses you.
The gnoll hits you with a +0 halberd!
* * * LOW HITPOINT WARNING * * *
There are monsters nearby!
Unknown command.
You sock the gnoll!
You kill the gnoll!
You block the gnoll's attack. The gnoll hits you with a +0 halberd!
You die...

########.................
....................)....
.######..................
#..................
#............
#...........
#......#....####
###.####....#
.....gg@)...#
###.######+##


You could see 2 gnolls.

Vanquished Creatures
  2 gnolls (D:3)
  2 adders (D:2)
  2 worms
  A dart slug (D:1)
  5 ball pythons
  3 bats
  9 endoplasms
  5 giant cockroaches
  7 hobgoblins
  2 quokkas
  6 frilled lizards
  4 goblins
  5 kobolds
  A rat (D:1)
54 creatures vanquished.

Notes
Turn   | Place    | Note
-------+----------+-------------------------------------------
     0 | D:1      | Kurtz the Octopode Fighter began the quest for the Orb.
     0 | D:1      | Reached XP level 1. HP: 16/16 MP: 1/1
    84 | D:1      | Reached XP level 2. HP: 12/21 MP: 2/2
   261 | D:1      | Reached skill level 3 in Axes
   465 | D:1      | Reached XP level 3. HP: 16/26 MP: 3/3
  1073 | D:2      | Reached skill level 4 in Axes
  1095 | D:2      | Reached XP level 4. HP: 17/31 MP: 4/4
  1998 | D:3      | Slain by a gnoll

Illustrated notes

Levels and vault maps discovered:
D:1:      nzn_arrival_depleted_hourglass, layout_rooms,
          chequers_serial_rivers_small_b
D:2:      kennysheep_six_static_rooms, layout_basic
D:3:      cheibrodos_greedy_goblins, layout_basic

Skill      XL: |  1  2  3 |
---------------+----------+-----
Axes           | 3 4 |  4.7
Fighting       | |  3.0
Dodging        | |  3.0
Shields        | |  3.0

Action                     |  1- 3 |  4- 6 || total
---------------------------+-------+-------++-------
  Melee: War axe           |    41 |       ||    41
         Tentacles         |    14 |     5 ||    19
         Constrict         |    15 |     7 ||    22
         Punch             |     2 |       ||     2
         Mace              |    23 |    26 ||    49
    Use: Potion            |       |     1 ||     1
   Stab: Sleeping          |     7 |     7 ||    14
 Armour: Skin              |    21 |     7 ||    28
  Dodge: Dodged            |    29 |    15 ||    44
  Block: Buckler           |     8 |     4 ||    12

Table legend: (Time is in decaauts)
 A = Elapsed time spent in this place.
 B = Non-inter-level travel time spent in this place.
 C = Inter-level travel time spent in this place.
 D = Time resting spent in this place.
 E = Time spent auto-exploring this place.
 F = Levels seen in this place.
 G = Mean time per level.
                   A        B        C        D        E       F      G
               +--------+--------+--------+--------+--------+-----+--------+
         Total |   2028 |   1968 |     60 |     92 |   1538 |   3 |  676.0 |
       Dungeon |   2028 |   1968 |     60 |     92 |   1538 |   3 |  676.0 |
               +--------+--------+--------+--------+--------+-----+--------+

Top non-repeatable levels by time:
     D:2: 1080 daAuts
     D:1: 787 daAuts
     D:3: 160 daAuts
